 Dungeon Crawl Stone Soup version 0.32-a0-612-g1c984fe9d1 (webtiles) character file.

Game seed: 12038466189433562852

3 dialectric the Shooter (level 1, 0/16 HPs)
             Began as a Coglin Hunter on Mar 4, 2024.
             Slain by a ball python (1 damage)
             ... on level 1 of the Dungeon.
             The game lasted 00:00:22 (30 turns).

dialectric the Shooter (Coglin Hunter)                Turns: 30, Time: 00:00:22

Health: 0/16       AC:  3    Str: 11    XL:     1   Next: 50%
Magic:  1/1        EV:  2    Int:  8    God:
Gold:   0          SH:  0    Dex: 17    Spells: 0/0 levels left

rFire   . . .        a - +2 sling {Nari}
rCold   . . .        d - +0 sling {Yeongsuk}
rNeg    . . .        c - +0 leather armour
rPois   .            (no helmet)
rElec   .            (no cloak)
rCorr   .            (no gloves)
SInv    .            (no boots)
Will    .....        (amulet unavailable)
Stlth   ++           (ring unavailable)
HPRegen 0.22/turn    (ring unavailable)
MPRegen 0.07/turn    (no gizmo)

%: no passive effects
@: constricted, revving
A: off-hand wielding, slow wielding, warmup strikes, no jewellery
a: Invent Gizmo


You were on level 1 of the Dungeon.
You visited 1 branch of the dungeon, and saw 1 of its levels.

Inventory:

Hand Weapons
 a - a +2 sling (weapon) {Nari}
 d - a +0 sling (offhand) {Yeongsuk}
 f - a +0 mace
Armour
 c - a +0 leather armour (worn)
Scrolls
 b - a scroll of butterflies
Potions
 e - a potion of curing {unknown}


   Skills:
 + Level 2.1 Fighting
 + Level 3.6 Ranged Weapons
 + Level 1.8 Dodging
 + Level 0.9 Stealth


You couldn't memorise any spells.
You didn't know any spells.
Your spell library was empty.

Dungeon Overview and Level Annotations

Branches:
Dungeon (1/15)

Altars:


Innate Abilities, Weirdness & Mutations

You can wield a second weapon in your off-hand.
It takes a long time for you to wield or remove held weapons.
Your first few attacks do less damage.
You cannot equip rings or amulets.


Message History

The sling bullet closely misses the ball python.
You shoot a sling bullet.
The sling bullet barely misses the ball python.
The ball python bites you. The ball python constricts you.
The ball python bites you. The ball python constricts you.
You are too injured to fight recklessly!
You are too injured to fight recklessly!
Unknown command.
You are too injured to fight recklessly!
You are too injured to fight recklessly!
Unknown command.
You are too injured to fight recklessly!
You are too injured to fight recklessly!
You are too injured to fight recklessly!
You are too injured to fight recklessly!
Unknown command.
You are too injured to fight recklessly!
In 13 experience levels, you will have learned enough to assemble a masterpiece.
Unknown command.
In 13 experience levels, you will have learned enough to assemble a masterpiece.
Unknown command.
You escape the ball python's grasp.
Found 12 gold pieces.
You see here a +0 mace.
f - a +0 mace The ball python closely misses you.
You're wielding all the weapons you can.
Replace which one? (? for menu, Esc to cancel) < or
a - a +2 sling {Nari}; > or
d - a +0 sling {Yeongsuk} The ball python bites you.
* * * LOW HITPOINT WARNING * * *
The ball python completely misses you.
You start parting from your weapon.
You continue parting from your +0 sling {Yeongsuk}.
The ball python closely misses you. The ball python bites you.
* * * LOW HITPOINT WARNING * * *
The ball python grabs you. The ball python constricts you.
* * * LOW HITPOINT WARNING * * *
You continue parting from your +0 sling {Yeongsuk}.
The ball python bites you.
You die...

.....# .. #.#... ##.
###.#..# # ....
...#..##.# #.#..
#>.......
.....##.##).#####
................###
...##.†.#S#.......
############.#..@.##.##
.............##...#
......######.#...##
.............#.....
......##..##.#......
.............#.....#
##><##########.$...#
#### #......


You could see a ball python.

Vanquished Creatures
  A ball python (D:1)
  A bat (D:1)
  A kobold (D:1)
3 creatures vanquished.

Notes
Turn   | Place    | Note
-------+----------+-------------------------------------------
     0 | D:1      | dialectric the Coglin Hunter began the quest for the Orb.
     0 | D:1      | Reached XP level 1. HP: 16/16 MP: 1/1
    30 | D:1      | Slain by a ball python

Illustrated notes

Levels and vault maps discovered:
D:1:      dpeg_arrival_line_fractal, layout_loops_cross, serial_shops,
          shop_statue

Action                     || total
---------------------------++-------
   Fire: Sling             ||    16
 Armour: Leather armour    ||    12
  Dodge: Dodged            ||     6

Table legend: (Time is in decaauts)
 A = Elapsed time spent in this place.
 B = Non-inter-level travel time spent in this place.
 C = Inter-level travel time spent in this place.
 D = Time resting spent in this place.
 E = Time spent auto-exploring this place.
 F = Levels seen in this place.
 G = Mean time per level.
                   A        B        C        D        E       F      G
               +--------+--------+--------+--------+--------+-----+--------+
         Total |     32 |     32 |      0 |      0 |     12 |   1 |   32.0 |
       Dungeon |     32 |     32 |      0 |      0 |     12 |   1 |   32.0 |
               +--------+--------+--------+--------+--------+-----+--------+

Top non-repeatable levels by time:
     D:1: 32 daAuts
